 Dungeon Crawl Stone Soup version 0.17.1-1-g73c8601 (webtiles) character file.

91 xeno23 the Sneak (level 4, -11/22 HPs)
             Began as a Spriggan Enchanter on Jan 4, 2016.
             Killed by divine providence
             ... invoked by an orc priest
              (15 damage)
             ... on level 3 of the Dungeon.
             The game lasted 00:07:43 (2052 turns).

xeno23 the Sneak (Spriggan Enchanter)               Turns: 2052, Time: 00:07:49

Health: -11/22     AC:  4    Str:  5      XL:     4   Next: 33%
Magic:  0/10       EV: 18    Int: 16      God:
Gold:   85         SH:  0    Dex: 14 (16) Spells: 4 memorised, 0 levels left

rFire  . . .     SeeInvis +     i - -3 dagger (curse)
rCold  . . .     Clarity  .     b - +1 robe
rNeg   . . .     SustAt   .     (shield restricted)
rPois  .         Gourm    .     (helmet restricted)
rElec  .         Spirit   .     n - +0 cloak
rCorr  .         Warding  .     (gloves unavailable)
rMut   .         Stasis   .     (boots unavailable)
MR     .....                    (no amulet)
Stlth  +++.......               (no ring)
                                (no ring)

@: very quick, not resistant to hostile enchantments, fairly stealthy
A: unfitting armour, see invisible, herbivore 3, speed 3, slow metabolism 2
a: no special abilities


You were on level 3 of the Dungeon.
You were not hungry.

You visited 1 branch of the dungeon, and saw 3 of its levels.

You collected 85 gold pieces.

Inventory:

Hand Weapons
 a - a +1 dagger
 i - a cursed -3 dagger (weapon)
 l - a +0 short sword of freezing
Missiles
 m - 17 poisoned needles
Armour
 b - a +1 robe (worn)
 n - a +0 cloak (worn)
Scrolls
 e - 2 scrolls of amnesia {unknown}
 h - a scroll of random uselessness {unknown}
 j - 2 scrolls of identify {unknown}
 o - a scroll of magic mapping {unknown}
Potions
 g - a potion of degeneration
 k - a potion of curing {unknown}
Books
 c - a book of Maledictions

   Spells                             Type                      Level
   a - Corona                         Hexes                        1
   b - Ensorcelled Hibernation        Hexes/Ice                    2
   c - Confuse                        Hexes                        3
   d - Tukima's Dance                 Hexes                        3
   e - Dazzling Spray                 Conjuration/Hexes            3
Comestibles
 d - 2 bread rations
 f - 8 fruits


   Skills:
 + Level 1.1 Fighting
 + Level 2.1 Short Blades
 - Level 3.0 Dodging
 + Level 5.0 Stealth
 + Level 3.4 Spellcasting
 * Level 4.6 Hexes


You couldn't memorise any spells.
You knew the following spells:

 Your Spells              Type           Power        Failure   Level  Hunger
a - Confuse               Hex            ###.....     12%         3    ###....
c - Corona                Hex            ###....      3%          1    None
d - Tukima's Dance        Hex            ###.....     12%         3    ###....
s - Ensorcelled Hibernat  Hex/Ice        ##....       12%         2    ##.....


Dungeon Overview and Level Annotations

Branches:
Dungeon (3/15)

Altars:
Dithmenos


Innate Abilities, Weirdness & Mutations

You are tiny and cannot use many weapons and most armour.
You have supernaturally acute eyesight.
You are a herbivore.
You cover ground extremely quickly.
You need consume almost no food.


Message History

The orc priest is lightly wounded.
The orc priest mumbles some strange prayers to Beogh against you.
Something smites you!
* * * LOW HITPOINT WARNING * * *
You take 10 damage.
Casting: Ensorcelled Hibernation
Confirm with . or Enter, or press ? or * to list all spells.
Aiming: Ensorcelled Hibernation
Press: ? - help, Shift-Dir - straight line, f - orc priest
Aim: an orc priest, wielding a club (lightly wounded, chance to defeat MR: 41%)
The orc priest resists with some effort.
The orc priest hits you but does no damage.
Drink which item? (? for menu, Esc to quit)
It was a potion of degeneration.
There was something very wrong with that liquid.
You feel clumsy.
The orc priest mumbles some strange prayers to Beogh against you.
Something smites you!
Ouch! That really hurt!
You die...

##..##.##
#..##.#
##.##.#
#.##.#
#..#.#
#..#.#
#<...#
########o.#
#......@.>#
#.##.†..###
#....#
#....#
######


You could see an orc priest.

Vanquished Creatures
  Crazy Yiuf (D:2)
  2 adders (D:2)
  A giant gecko (D:3)
  3 orcs (D:3)
  4 bats (D:1)
  3 giant cockroaches
  3 goblins
  5 hobgoblins
  3 jackals (D:2)
  3 kobolds
  A quokka (D:2)
  2 giant newts (D:1)
  6 rats
37 creatures vanquished.

Notes
Turn   | Place    | Note
--------------------------------------------------------------
     0 | D:1      | xeno23 the Spriggan Enchanter began the quest for the Orb.
     0 | D:1      | Reached XP level 1. HP: 9/9 MP: 5/5
   223 | D:1      | Reached XP level 2. HP: 7/14 MP: 6/6
   230 | D:1      | Learned a level 2 spell: Ensorcelled Hibernation
   902 | D:2      | Found a shadowy altar of Dithmenos.
  1166 | D:2      | Noticed Crazy Yiuf
  1170 | D:2      | Killed Crazy Yiuf
  1170 | D:2      | Reached skill level 1 in Fighting
  1170 | D:2      | Reached XP level 3. HP: 11/18 MP: 6/8
  1383 | D:2      | Reached skill level 5 in Stealth
  1397 | D:2      | Reached XP level 4. HP: 20/22 MP: 4/9
  1962 | D:3      | Learned a level 3 spell: Confuse
  1966 | D:3      | Learned a level 3 spell: Tukima's Dance
  2052 | D:3      | Killed from afar by an orc priest

Action                   |  1- 3 |  4- 6 || total
-------------------------+-------+-------++-------
Melee: Dagger            |   108 |    33 ||   141
 Cast: Corona            |     3 |     1 ||     4
       Ensorcelled Hiber |     7 |     8 ||    15
       Confuse           |       |     2 ||     2
  Use: Potion            |       |     1 ||     1
 Stab: Sleeping          |    14 |     3 ||    17
       Confused          |       |     2 ||     2
       Distracted        |       |     1 ||     1
